 Dungeon Crawl Stone Soup version 0.20.1-1-g8b1a95d (webtiles) character file.

85925 gobwax the Scorcher (level 15, -3/81 HPs)
             Began as an Octopode Fire Elementalist on Sept 11, 2017.
             Was a High Priest of Vehumet.
             Slain by an orc knight
             ... wielding a +0 halberd
              (6 damage)
             ... on level 1 of the Orcish Mines on Sept 12, 2017.
             The game lasted 02:00:41 (32858 turns).

gobwax the Scorcher (Octopode Fire Elementalist)   Turns: 32858, Time: 02:00:42

Health: -3/81      AC: 13    Str: 10    XL:     15   Next: 85%
Magic:  31/31      EV: 14    Int: 30    God:    Vehumet [*****.]
Gold:   1749       SH:  0    Dex: 19    Spells: 3/38 levels left

rFire    . . .     SeeInvis +   J - staff of fire
rCold    + + .     Gourm    +   (no shield)
rNeg     + . .     Faith    .   D - +2 hat {SInv}
rPois    +         Spirit   .   O - amulet of the gourmand
rElec    +         Reflect  .   m - ring of ice
rCorr    +         Harm     .   F - ring of resist corrosion
MR       +....                  g - ring of Robustness {AC+8}
Stlth    ++........             x - +2 ring of intelligence
Regen    0.3/turn               R - ring of positive energy
MPRegen  0.3/turn               U - ring "Asiysokh" {rElec rPois rC+ Str+4 Stlth-}
                                a - +3 ring of intelligence
                                E - +6 ring of dexterity

@: no status effects
A: almost no armour, stealthy swim, amphibious, 8 rings, constrict 8, thin
metallic scales 1, camouflage 1, clever 1, weak 1, wild magic 1, gelatinous body
1
a: Renounce Religion


You were on level 1 of the Orcish Mines.
You worshipped Vehumet.
Vehumet was extremely pleased with you.
You were very full.

You visited 4 branches of the dungeon, and saw 22 of its levels.

You collected 1749 gold pieces.

Inventory:

Armour
 D - a +2 hat of see invisible (worn)
Magical Staves
 J - an uncursed staff of fire (weapon)
Jewellery
 a - a +3 ring of intelligence (on tentacle)
 g - the ring of Robustness (on tentacle) {AC+8}
   (You found it on level 11 of the Dungeon)

   [ring of protection]

   It affects your AC (+8).
 m - a ring of ice (left tentacle)
 x - a +2 ring of intelligence (on tentacle)
 E - a +6 ring of dexterity (on tentacle)
 F - a ring of resist corrosion (right tentacle)
 O - an amulet of the gourmand (around mantle)
 R - a ring of positive energy (on tentacle)
 U - the ring "Asiysokh" (on tentacle) {rElec rPois rC+ Str+4 Stlth-}
   (You found it on level 3 of the Lair of Beasts)

   [ring of poison resistance]

   It affects your strength (+4).
   It protects you from cold.
   It insulates you from electricity.
   It protects you from poison.
   It makes you less stealthy.
Wands
 e - a wand of digging (11/24)
 j - a wand of lightning (5/15)
 o - a wand of confusion (23/48)
 p - a wand of scattershot (5/9)
 q - a wand of iceblast (3/15)
 s - a wand of digging (8/24)
 z - a wand of flame (26/48)
 L - a wand of disintegration (4/24)
 N - a wand of acid (11/15)
 S - a wand of confusion (18/48)
 W - a wand of paralysis (5/24)
 X - a wand of lightning (4/15)
Scrolls
 d - 3 scrolls of magic mapping
 h - 11 scrolls of identify
 t - 10 scrolls of remove curse
 w - a scroll of enchant armour
 C - 3 scrolls of fog
 P - 2 scrolls of amnesia
Potions
 i - 2 potions of brilliance
 n - a potion of flight
 r - 4 potions of curing
 A - 2 potions of cancellation
 H - 2 potions of agility
 Y - a potion of berserk rage
Books
 f - a book of Misfortune

   Spells                             Type                      Level
   a - Confusing Touch                Hexes                        1
   b - Confuse                        Hexes                        3
   c - Gell's Gravitas                Translocation                3
   d - Petrify                        Transmutation/Earth          4
   e - Metabolic Englaciation         Hexes/Ice                    5
   f - Yara's Violent Unravelling     Hexes/Transmutation          5
 v - a Young Poisoner's Handbook

   Spells                             Type                      Level
   a - Sting                          Conjuration/Poison           1
   b - Poisonous Vapours              Poison/Air                   2
   c - Mephitic Cloud                 Conjuration/Poison/Air       3
   d - Olgreb's Toxic Radiance        Poison                       4
   e - Venom Bolt                     Conjuration/Poison           5
 B - a book of Necromancy

   Spells                             Type                      Level
   a - Pain                           Necromancy                   1
   b - Animate Skeleton               Necromancy                   1
   c - Vampiric Draining              Necromancy                   3
   d - Regeneration                   Charms/Necromancy            3
   e - Animate Dead                   Necromancy                   4
   f - Control Undead                 Necromancy                   4
 M - a book of Fire

   Spells                             Type                      Level
   a - Ignite Poison                  Fire/Transmutation/Poison    3
   b - Fireball                       Conjuration/Fire             5
   c - Bolt of Fire                   Conjuration/Fire             6
   d - Ring of Flames                 Charms/Fire                  7
   e - Ignition                       Fire                         8
 Q - a book of Maledictions

   Spells                             Type                      Level
   a - Corona                         Hexes                        1
   b - Ensorcelled Hibernation        Hexes/Ice                    2
   c - Confuse                        Hexes                        3
   d - Tukima's Dance                 Hexes                        3
   e - Dazzling Spray                 Conjuration/Hexes            3
 T - a book of Frost

   Spells                             Type                      Level
   a - Freeze                         Ice                          1
   b - Throw Frost                    Conjuration/Ice              2
   c - Ozocubu's Armour               Charms/Ice                   3
   d - Throw Icicle                   Conjuration/Ice              4
   e - Summon Ice Beast               Ice/Summoning                4
Comestibles
 b - 11 bread rations
 u - 23 fruits
 G - 9 royal jellies
 K - 11 meat rations


   Skills:
   Level 0.8 Polearms
 - Level 2.0 Dodging
 - Level 2.8 Stealth
 - Level 12.0 Spellcasting
 + Level 16.3 Conjurations
 - Level 1.0 Transmutations
 * Level 16.4 Fire Magic
 - Level 0.2 Ice Magic
 - Level 3.0 Air Magic
 - Level 5.2 Poison Magic


You had 3 spell levels left.
You knew the following spells:

 Your Spells              Type           Power        Failure   Level  Hunger
a - Flame Tongue          Conj/Fire      #####        1%          1    None
b - Throw Flame           Conj/Fire      ######       1%          2    None
c - Conjure Flame         Conj/Fire      ########     1%          3    None
d - Sticky Flame          Conj/Fire      ########     1%          4    None
e - Fireball              Conj/Fire      ########..   1%          5    ##.....
f - Ignite Poison         Fire/Tmut/Pois #######.     1%          3    None
g - Mephitic Cloud        Conj/Pois/Air  ######..     1%          3    None
h - Olgreb's Toxic Radia  Pois           ######..     1%          4    None
i - Bolt of Fire          Conj/Fire      ########..   1%          6    ####...
j - Throw Icicle          Conj/Ice       #######.     1%          4    None


Dungeon Overview and Level Annotations

Branches:
Dungeon (13/15)            Temple (1/1) D:4            Lair (6/6) D:8
 Shoals (0/4) Lair:2        Snake (0/4) Lair:2        Slime (0/5) Lair:5
    Orc (2/2) D:10
    Elf: Orc:2       Vaults: D:13-14

Altars:
Ashenzari
Cheibriados
Dithmenos
Elyvilon
Fedhas
Gozag
Hepliaklqana
Kikubaaqudgha
Makhleb
Okawaru
Qazlal
Ru
Vehumet
Xom
Yredelemnul
Zin
The Shining One
Beogh

Shops:
D:6 }   D:9 (

Annotations:
D:3 ceb's ghost, amateur DsGl
D:7 2 transporters
Lair:4 ThereIsNoGod's ghost, journeyman DrEE


Innate Abilities, Weirdness & Mutations

You cannot wear most types of armour.
You are very stealthy in the water. (Stealth+)
You are amphibious.
You can wear up to eight rings at the same time.
You can use your tentacles to constrict eight enemies at once.
Your skin changes colour to match your surroundings (Stealth+).
Your rubbery body absorbs attacks. (AC +1, EV +1)
You are partially covered in thin metallic scales. (AC +2)
Your mind is acute. (Int +2)
You are weak. (Str -2)
Your spells are a little harder to cast, but a little more powerful.


Message History

Okay, then.
Casting: Throw Flame
Confirm with . or Enter, or press ? or * to list all spells.
Okay, then.
The warg bites you!
* * * LOW HITPOINT WARNING * * *
The orc warrior barely misses you. The orc knight completely misses you.
The warg completely misses you.
The orc warrior hits you with a short sword.
* * * LOW HITPOINT WARNING * * *
The orc wizard mumbles some strange words.
The orc wizard blinks!
The orc knight hits you from afar with a halberd!
* * * LOW HITPOINT WARNING * * *
Unknown command.
Okay, then.
The orc wizard mumbles some strange words.
The orc wizard blinks!
The orc knight hits you from afar with a halberd.
You die...

.## ...# ##
..### ##.## #.
..#.###....# #..
#...#.....
#.####..#..#
.#...#..@...#
........oT..# .
.....oo#o#.#....
..#....ho.......
.......>§oo.....
.##...........§.
#..##...o.......
... #..o....#...
. ........#...


You could see an orc knight, a troll, a warg, an orc warrior, an orc priest, an
orc wizard and 4 orcs.

Vanquished Creatures
  Gastronok (Lair:2)
  An orc warlord (D:10)
  Snorg (Lair:3)
  A fire dragon (Lair:6)
  Harold (Lair:2)
  An ogre mage (D:13)
  7 hydras
  A centaur warrior (D:13)
  A two-headed ogre (D:10)
  7 death yaks
  Urug (D:10)
  Sonja (D:13)
  5 unseen horrors
  A swamp dragon (Lair:6)
  An orc knight (Orc:2)
  2 deep elf magi (D:13)
  A cyclops (D:12)
  2 manticores
  5 oklob plants (Lair:3)
  24 elephants
  Maurice (D:13)
  12 black mambas
  3 gargoyles
  14 spiny frogs
  5 rime drakes
  9 komodo dragons
  2 centaur skeletons (D:12)
  A jumping spider (D:13)
  A troll (shapeshifter) (D:13)
  7 trolls
  A hornet (D:10)
  2 raiju (Lair:6)
  3 meliai (D:13)
  Prince Ribbit (Lair:3)
  11 polar bears (Lair:6)
  21 blink frogs
  13 dream sheep
  9 hippogriffs
  6 redbacks (D:13)
  A spriggan (Lair:2)
  5 wyverns
  34 yaks
  A hungry ghost (D:10)
  2 steam dragons
  9 wargs
  Edmund (D:6)
  4 acid dragons
  2 soldier ants (D:12)
  21 water moccasins
  6 porcupines
  15 hell hounds (Lair:6)
  Duvessa (D:5)
  14 black bears
  2 sky beasts
  3 swamp drakes (Lair:6)
  4 ice beasts
  19 orc warriors
  A necrophage (D:11)
  21 wolves
  8 centaurs (D:11)
  12 ogres
  12 crocodiles
  6 big kobolds
  14 bullfrogs
  A wyvern zombie (D:11)
  3 gnoll sergeants (D:10)
  Dowan (D:5)
  A water moccasin skeleton (D:5)
  4 scorpions
  5 killer bees
  2 electric eels
  3 howler monkeys
  3 centaur zombies
  9 crimson imps
  A bullfrog zombie (D:13)
  A lava snake (Lair:2)
  4 hounds
  14 jellies
  A bullfrog skeleton (D:13)
  A quasit (D:5)
  9 orc priests
  18 orc wizards
  7 iguanas
  Natasha (thrice) (D:3)
  10 worker ants
  4 hell rats (Lair:6)
  A killer bee zombie (D:9)
  2 worker ant zombies
  8 gnolls
  20 adders
  5 shadow imps
  2 adder skeletons
  4 worms
  7 leopard geckos
  76 orcs
  4 giant cockroaches
  8 goblins
  6 hobgoblins
  3 jackals (D:3)
  5 quokkas
  2 ball pythons
  8 bats
  7 frilled lizards
  22 kobolds
  A quokka skeleton (D:4)
  7 rats
  A bush (Lair:2)
  3 fungi
  8 plants
720 creatures vanquished.

Vanquished Creatures (others)
  A quasit (D:13)
  22 fungi
  42 plants
65 creatures vanquished.

Grand Total: 785 creatures vanquished

Notes
Turn   | Place    | Note
-------+----------+-------------------------------------------
     0 | D:1      | gobwax the Octopode Fire Elementalist began the quest for the Orb.
     0 | D:1      | Reached XP level 1. HP: 11/11 MP: 3/3
   180 | D:1      | Reached XP level 2. HP: 14/17 MP: 3/5
   676 | D:1      | Reached XP level 3. HP: 20/21 MP: 2/6
   686 | D:1      | Learned a level 2 spell: Throw Flame
   690 | D:1      | Learned a level 3 spell: Conjure Flame
  1256 | D:2      | Reached XP level 4. HP: 26/27 MP: 7/7
  2325 | D:3      | Reached XP level 5. HP: 13/31 MP: 4/9
  2628 | D:3      | Noticed ceb's ghost (amateur DsGl)
  2780 | D:3      | Noticed an ice beast
  2793 | D:3      | Killed an ice beast
  2793 | D:3      | Reached skill level 5 in Fire Magic
  2793 | D:3      | Reached XP level 6. HP: 13/36 MP: 0/10
  2985 | D:3      | Learned a level 4 spell: Sticky Flame
  3129 | D:3      | Noticed Natasha
  3134 | D:3      | Killed Natasha
  3489 | D:3      | Noticed Natasha
  3494 | D:3      | Killed Natasha
  3667 | D:3      | Noticed Natasha
  3675 | D:3      | Killed Natasha
  3863 | D:4      | Found a staircase to the Ecumenical Temple.
  3873 | Temple   | Entered the Ecumenical Temple
  3981 | Temple   | Became a worshipper of Vehumet
  4275 | D:4      | Reached XP level 7. HP: 32/41 MP: 1/12
  5005 | D:5      | Entered Level 5 of the Dungeon
  5144 | D:5      | Noticed Duvessa
  5154 | D:5      | Noticed Dowan
  5155 | D:5      | Killed Duvessa
  5178 | D:5      | Killed Dowan
  5291 | D:5      | Reached skill level 5 in Conjurations
  5291 | D:5      | Reached XP level 8. HP: 42/46 MP: 14/14
  5401 | D:5      | Reached * piety under Vehumet
  5401 | D:5      | Offered knowledge of Shock by Vehumet.
  5579 | D:5      | Found a shadowy altar of Dithmenos.
  6308 | D:6      | Found Zuwnumom's Gadget Shoppe.
  6389 | D:6      | Noticed Edmund
  6406 | D:6      | Killed Edmund
  7099 | D:7      | Found a transporter.
  7122 | D:7      | Found a transporter.
  7372 | D:7      | Noticed a hippogriff
  7388 | D:7      | Killed a hippogriff
  7388 | D:7      | Reached skill level 5 in Spellcasting
  7469 | D:7      | Reached XP level 9. HP: 35/51 MP: 11/16
  8062 | D:8      | Found a staircase to the Lair.
  8070 | D:8      | Noticed a komodo dragon
  8102 | D:8      | Gained mutation: Your mind is acute. (Int +2) [mutagenic meat]
  8103 | D:8      | Gained mutation: One of your tentacles bears a spike. [mutagenic meat]
  8354 | D:8      | Learned a level 5 spell: Fireball
  8410 | D:8      | Found a glowing golden altar of the Shining One.
  8413 | D:8      | Found a glowing silver altar of Zin.
  8416 | D:8      | Found an opulent altar of Gozag.
  8563 | D:8      | Reached ** piety under Vehumet
  8807 | D:8      | Offered knowledge of Throw Frost by Vehumet.
  8919 | D:8      | Killed a komodo dragon
  9524 | D:9      | Reached XP level 10. HP: 46/56 MP: 9/19
  9773 | D:9      | Offered knowledge of Ignite Poison by Vehumet.
  9780 | D:9      | Learned a level 3 spell: Ignite Poison
 10026 | D:9      | Found Legetzai's Weapon Shop.
 10243 | D:9      | Noticed a two-headed hydra
 10250 | D:9      | Killed a two-headed hydra
 10250 | D:9      | Reached skill level 10 in Fire Magic
 10536 | D:10     | Entered Level 10 of the Dungeon
 10566 | D:10     | Reached *** piety under Vehumet
 10600 | D:10     | Reached skill level 1 in Poison Magic
 10630 | D:10     | Noticed Urug
 11118 | D:10     | Killed Urug
 11249 | D:10     | Reached skill level 10 in Conjurations
 11253 | D:10     | Reached XP level 11. HP: 40/61 MP: 11/22
 11382 | D:10     | Found a staircase to the Orcish Mines.
 11405 | D:10     | Lost mutation: One of your tentacles bears a spike. [potion of mutation]
 11405 | D:10     | Gained mutation: You are weak. (Str -2) [potion of mutation]
 11405 | D:10     | Gained mutation: Your spells are a little harder to cast, but a little more powerful. [potion of mutation]
 11405 | D:10     | Gained mutation: You are partially covered in thin metallic scales. (AC +2) [potion of mutation]
 11439 | D:11     | Noticed a manticore
 11563 | D:11     | Offered knowledge of Mephitic Cloud by Vehumet.
 11568 | D:11     | Learned a level 3 spell: Mephitic Cloud
 12319 | D:10     | Reached **** piety under Vehumet
 12556 | D:10     | Offered knowledge of Dazzling Spray by Vehumet.
 12761 | D:10     | Noticed a two-headed ogre
 12769 | D:10     | Killed a two-headed ogre
 13314 | D:11     | Noticed an unseen horror
 13315 | D:11     | Killed an unseen horror
 13825 | D:11     | Reached skill level 1 in Air Magic
 13831 | D:11     | Killed a manticore
 14179 | D:11     | Noticed an unseen horror
 14182 | D:11     | Killed an unseen horror
 14182 | D:11     | Reached skill level 1 in Transmutations
 14182 | D:11     | Reached XP level 12. HP: 38/66 MP: 10/24
 15314 | D:12     | Reached ***** piety under Vehumet
 16140 | D:13     | Offered knowledge of Lee's Rapid Deconstruction by Vehumet.
 16965 | D:13     | Noticed Maurice
 16983 | D:13     | Killed Maurice
 17301 | D:13     | Noticed a centaur warrior
 17326 | D:13     | Noticed a centaur warrior
 17330 | D:13     | Noticed a centaur warrior
 17336 | D:13     | Noticed a vault guard
 17567 | D:13     | Reached skill level 10 in Spellcasting
 17596 | D:13     | Noticed Sonja
 17604 | D:13     | Killed a centaur warrior
 17604 | D:13     | Reached XP level 13. HP: 56/71 MP: 5/27
 17605 | D:13     | Killed Sonja
 17618 | D:13     | Noticed an ogre mage
 17630 | D:13     | Killed an ogre mage
 17944 | Orc:1    | Entered Level 1 of the Orcish Mines
 18152 | Orc:1    | Found a roughly hewn altar of Beogh.
 18182 | Orc:1    | HP: 2/71 [orc priest/divine providence (9)]
 18518 | Orc:1    | Noticed an orc warlord
 18870 | Lair:1   | Entered Level 1 of the Lair of Beasts
 19917 | Lair:2   | Found a staircase to the Shoals.
 20158 | Lair:2   | Found a staircase to the Snake Pit.
 20172 | Lair:2   | Noticed Harold
 20200 | Lair:2   | Killed Harold
 20505 | Lair:2   | Learned a level 4 spell: Olgreb's Toxic Radiance
 20938 | Lair:2   | Noticed Gastronok
 20944 | Lair:2   | Killed Gastronok
 21559 | Lair:3   | Got a twitching amber ring
 21602 | Lair:3   | Offered knowledge of Bolt of Fire by Vehumet.
 21613 | Lair:3   | Learned a level 6 spell: Bolt of Fire
 21713 | Lair:3   | Reached XP level 14. HP: 76/76 MP: 25/29
 21933 | Lair:3   | Noticed Snorg
 21936 | Lair:3   | Noticed Prince Ribbit
 22533 | Lair:3   | Killed Snorg
 22541 | Lair:3   | Reached skill level 15 in Conjurations
 22668 | Lair:3   | Killed Prince Ribbit
 23626 | Lair:3   | Reached skill level 5 in Poison Magic
 23924 | Lair:3   | Identified the ring "Asiysokh" {rElec rPois rC+ Str+4 Stlth-} (You found it on level 3 of the Lair of Beasts)
 24983 | Lair:4   | Noticed ThereIsNoGod's ghost (journeyman DrEE)
 25004 | Lair:4   | HP: 3/76 [ThereIsNoGod's ghost (5)]
 27066 | Lair:5   | Found a staircase to the Slime Pits.
 27164 | Lair:6   | Entered Level 6 of the Lair of Beasts
 27270 | Lair:6   | Reached XP level 15. HP: 69/81 MP: 26/31
 27687 | Lair:6   | Offered knowledge of Bolt of Magma by Vehumet.
 27687 | Lair:6   | Reached skill level 15 in Fire Magic
 28169 | Lair:6   | Learned a level 5 spell: Bolt of Magma
 29212 | Lair:5   | Learned a level 4 spell: Throw Icicle
 30417 | Lair:6   | Offered knowledge of Iron Shot by Vehumet.
 31844 | D:10     | Killed an orc warlord
 32146 | Orc:2    | Entered Level 2 of the Orcish Mines
 32857 | Orc:1    | HP: 2/81 [orc knight/halberd (7)]
 32858 | Orc:1    | Slain by an orc knight

Skill      XL: |  1  2  3  4  5  6  7  8  9 10 11 12 13 14 15 |
---------------+----------------------------------------------+-----
Fire Magic     | 4 5 6 8 9 10 11 12 14 16 | 16.4
Conjurations   | 2 3 5 6 8 10 11 13 14 15 16 | 16.3
Spellcasting   | 3 4 5 6 7 8 10 11 12 | 12.0
Poison Magic   | 2 4 5 |  5.2
Air Magic      | 1 2 3 |  3.0
Transmutations | 1 |  1.0
Polearms       | |  0.8
Dodging        | |  2.0
Stealth        | |  2.8
Ice Magic      | |  0.2

Action                   |  1- 3 |  4- 6 |  7- 9 | 10-12 | 13-15 || total
-------------------------+-------+-------+-------+-------+-------++-------
Melee: Unarmed           |     8 |       |       |       |       ||     8
       Constrict         |     3 |    18 |    34 |    36 |    18 ||   109
       Dagger            |     3 |    78 |    58 |       |       ||   139
       Tentacles         |     1 |    15 |    28 |    23 |    22 ||    89
       Flail             |       |       |    62 |       |       ||    62
       Trident           |       |       |    15 |       |       ||    15
       Spear             |       |       |    27 |     4 |       ||    31
       Kick              |       |       |     9 |     7 |       ||    16
       Staff             |       |       |       |   218 |   101 ||   319
 Fire: Blowgun           |       |       |       |       |     6 ||     6
 Cast: Flame Tongue      |    50 |    48 |    98 |   174 |    46 ||   416
       Conjure Flame     |       |     1 |     9 |    37 |    13 ||    60
       Throw Flame       |       |    10 |    50 |   177 |   229 ||   466
       Sticky Flame      |       |     1 |    11 |    41 |    59 ||   112
       Fireball          |       |       |     1 |    15 |    71 ||    87
       Mephitic Cloud    |       |       |       |    24 |    27 ||    51
       Ignite Poison     |       |       |       |    16 |    28 ||    44
       Olgreb's Toxic Ra |       |       |       |       |     8 ||     8
       Bolt of Fire      |       |       |       |       |   159 ||   159
       Throw Icicle      |       |       |       |       |    37 ||    37
       Bolt of Magma     |       |       |       |       |     3 ||     3
Evoke: Wand              |       |       |       |     3 |       ||     3
  Use: Potion            |       |       |     1 |    15 |     9 ||    25
       Scroll            |       |       |     5 |    15 |    13 ||    33
 Stab: Sleeping          |       |     7 |    10 |     2 |       ||    19
       Distracted        |       |     1 |     1 |     1 |       ||     3
       Invisible         |       |       |       |     3 |       ||     3
       Confused          |       |       |       |     2 |       ||     2
       Fleeing           |       |       |       |     1 |       ||     1
  Eat: Chunk             |     2 |    10 |    18 |    25 |    99 ||   154
       Fruit             |       |       |     1 |     3 |       ||     4
       Royal jelly       |       |       |     1 |       |       ||     1
       Meat ration       |       |       |       |     1 |       ||     1
Armor: Skin              |     1 |     2 |     8 |   146 |    84 ||   241
Dodge: Dodged            |    14 |    49 |   109 |   215 |   184 ||   571
